 Dungeon Crawl Stone Soup version 0.21.1-1-g345015f (webtiles) character file.

265 microfolk the Charmwright (level 6, -5/50 HPs)
             Began as a Gnoll Skald on Feb 12, 2018.
             Splashed by Ijyb's acid (15 damage)
             ... on level 3 of the Dungeon.
             The game lasted 00:07:16 (3005 turns).

microfolk the Charmwright (Gnoll Skald)             Turns: 3005, Time: 00:07:17

Health: -5/50      AC: -6    Str: 15    XL:     6   Next: 20%
Magic:  8/13       EV: 13    Int: 16    God:
Gold:   102        SH:  0    Dex: 14    Spells: 4/15 levels left

rFire    . . .     SeeInvis .   a - +0 spear
rCold    . . .     Gourm    .   (no shield)
rNeg     . . .     Faith    .   i - +0 ring mail
rPois    .         Spirit   .   (no helmet)
rElec    .         Reflect  .   (no cloak)
rCorr    .         Harm     .   (no gloves)
MR       .....                  (no boots)
Stlth    +.........             (no amulet)
HPRegen  0.16/turn              (no ring)
MPRegen  0.13/turn              (no ring)

@: corroded
A: distributed training, fangs 1, strong nose
a: no special abilities


You were on level 3 of the Dungeon.
You were not hungry.

You visited 1 branch of the dungeon, and saw 3 of its levels.
You also visited: Sewer.

You collected 102 gold pieces.

Inventory:

Hand Weapons
 a - a +0 spear (weapon)
 k - a +0 hunting sling
 u - a +0 blowgun
Missiles
 g - 12 sling bullets
 m - 50 stones (quivered)
 o - 7 needles of sleeping
 s - 17 poisoned needles
Armour
 b - a +0 leather armour
 i - a +0 ring mail (worn)
Jewellery
 t - an uncursed amulet of guardian spirit {unknown}
Scrolls
 e - a scroll of identify {unknown}
 f - a scroll of magic mapping {unknown}
 h - 2 scrolls of blinking {unknown}
 n - a scroll of random uselessness {unknown}
 p - a scroll of immolation {unknown}
 r - a scroll of amnesia {unknown}
 w - a scroll of teleportation {unknown}
 x - 2 scrolls of fog {unknown}
Potions
 j - 5 potions of heal wounds
 l - a potion of curing {unknown}
 q - 2 potions of might {unknown}
 v - 3 potions of magic {unknown}
Books
 c - a book of Battle

   Spells                             Type                      Level
   a - Infusion                       Charms                       1
   b - Shroud of Golubria             Charms/Translocation         2
   c - Song of Slaying                Charms                       2
   d - Spectral Weapon                Hexes/Charms                 3
   e - Regeneration                   Charms/Necromancy            3
Comestibles
 d - 2 rations
 z - 15 chunks of flesh


   Skills:
 + Level 4.9 Fighting
 + Level 1.8 Short Blades
 + Level 1.8 Long Blades
 + Level 1.8 Axes
 + Level 1.8 Maces & Flails
 + Level 4.9 Polearms
 + Level 1.8 Staves
 + Level 1.8 Slings
 + Level 1.8 Bows
 + Level 1.8 Crossbows
 + Level 1.8 Throwing
 + Level 3.1 Armour
 + Level 4.9 Dodging
 + Level 1.8 Stealth
 + Level 1.8 Shields
 + Level 1.8 Unarmed Combat
 + Level 5.3 Spellcasting
 + Level 1.4 Conjurations
 + Level 1.4 Hexes
 + Level 5.6 Charms
 + Level 1.4 Summonings
 + Level 1.4 Necromancy
 + Level 1.4 Translocations
 + Level 1.4 Transmutations
 + Level 1.4 Fire Magic
 + Level 1.4 Ice Magic
 + Level 1.4 Air Magic
 + Level 1.4 Earth Magic
 + Level 1.4 Poison Magic
 + Level 2.0 Invocations
 + Level 1.8 Evocations


You had 4 spell levels left.
You knew the following spells:

 Your Spells              Type           Power        Failure   Level  Hunger
a - Infusion              Chrm           ###.         2%          1    None
b - Song of Slaying       Chrm           ###.....     4%          2    #......
c - Shroud of Golubria    Chrm/Tloc      ###.......   10%         2    #......
d - Regeneration          Chrm/Necr      ###.......   21%         3    ###....
e - Spectral Weapon       Hex/Chrm       ###.....     21%         3    ###....


Dungeon Overview and Level Annotations

Branches:
Dungeon (3/15)

Altars:
Qazlal

Annotations:
D:3 Ijyb


Innate Abilities, Weirdness & Mutations

Your experience applies equally to all skills.
You have very sharp teeth.
Your uncanny sense of smell can sniff out nearby items.


Message History

Ijyb zaps a wand.
The bolt of acid hits you! The acid corrodes you!
You are splashed with acid!
The acid burns!
It is a wand of acid (4).
You hit Ijyb but do no damage.
Your spectral weapon closely misses Ijyb.
Ijyb closely misses you.
You hit Ijyb but do no damage.
Your spectral weapon hits Ijyb from afar.
Ijyb closely misses you.
You hit Ijyb but do no damage.
Ijyb is lightly wounded.
Your spectral weapon misses Ijyb.
Ijyb zaps a wand.
The bolt of acid hits you! The acid corrodes you!
You are splashed with acid!
The acid burns!
* * * LOW HITPOINT WARNING * * *
It was a potion of heal wounds.
You feel much better. Ijyb hits you.
Ijyb zaps a wand.
The bolt of acid misses your spectral weapon.
The bolt of acid hits you!
* * * LOW HITPOINT WARNING * * *
The acid corrodes you!
You are splashed with acid!
The acid burns!
You die...

#.........#
#........## #
#......÷.########.#
#....>.............
#..................
#####.)...........#
#.#÷###.....#
########÷#.###.....##
#......÷)..@(g......#
#.........###.......#
#...≈≈≈...###$......#
##..≈≈≈≈≈....#.......#
#...≈≈.≈≈....+......##
#...≈≈≈≈≈....########
#....≈≈≈.....#
#............#
#............#


You could see Ijyb and a friendly spectral spear.

Vanquished Creatures
  An orc priest (D:3)
  An orc wizard (D:3)
  4 gnolls (D:3)
  7 adders
  An ooze (D:3)
  2 worms (D:2)
  3 dart slugs (D:1)
  A leopard gecko (D:2)
  3 orcs (D:3)
  3 ball pythons
  8 bats
  4 giant cockroaches
  6 goblins
  8 hobgoblins
  9 jackals
  2 quokkas
  6 frilled lizards
  8 kobolds (Sewer)
  9 rats
  A plant (Sewer)
87 creatures vanquished.

Vanquished Creatures (others)
  2 plants (Sewer)
2 creatures vanquished.

Grand Total: 89 creatures vanquished

Notes
Turn   | Place    | Note
-------+----------+-------------------------------------------
     0 | D:1      | microfolk the Gnoll Skald began the quest for the Orb.
     0 | D:1      | Reached XP level 1. HP: 20/20 MP: 6/6
   138 | D:1      | Reached XP level 2. HP: 26/26 MP: 7/7
   177 | D:1      | Learned a level 2 spell: Song of Slaying
   180 | D:1      | Learned a level 2 spell: Shroud of Golubria
   610 | D:1      | Reached XP level 3. HP: 27/31 MP: 9/9
   621 | D:1      | Learned a level 3 spell: Regeneration
   625 | D:1      | Learned a level 3 spell: Spectral Weapon
   646 | D:1      | Reached skill level 5 in Spellcasting
   919 | D:2      | Reached skill level 1 in Invocations
  1055 | D:2      | Found a stormy altar of Qazlal.
  1058 | D:2      | Noticed a water elemental
  1058 | D:2      | Noticed a fire elemental
  1059 | D:2      | Noticed an air elemental
  1059 | D:2      | Noticed an earth elemental
  1093 | D:2      | Reached skill level 1 in Short Blades
  1093 | D:2      | Reached skill level 1 in Long Blades
  1093 | D:2      | Reached skill level 1 in Axes
  1093 | D:2      | Reached skill level 1 in Maces & Flails
  1093 | D:2      | Reached skill level 1 in Staves
  1093 | D:2      | Reached skill level 1 in Slings
  1093 | D:2      | Reached skill level 1 in Bows
  1093 | D:2      | Reached skill level 1 in Crossbows
  1093 | D:2      | Reached skill level 1 in Throwing
  1093 | D:2      | Reached skill level 1 in Stealth
  1093 | D:2      | Reached skill level 1 in Shields
  1093 | D:2      | Reached skill level 1 in Unarmed Combat
  1093 | D:2      | Reached skill level 1 in Evocations
  1093 | D:2      | Reached XP level 4. HP: 28/38 MP: 7/11
  1400 | D:3      | Reached skill level 1 in Conjurations
  1400 | D:3      | Reached skill level 1 in Hexes
  1400 | D:3      | Reached skill level 1 in Summonings
  1400 | D:3      | Reached skill level 1 in Necromancy
  1400 | D:3      | Reached skill level 1 in Translocations
  1400 | D:3      | Reached skill level 1 in Transmutations
  1400 | D:3      | Reached skill level 1 in Fire Magic
  1400 | D:3      | Reached skill level 1 in Ice Magic
  1400 | D:3      | Reached skill level 1 in Air Magic
  1400 | D:3      | Reached skill level 1 in Earth Magic
  1400 | D:3      | Reached skill level 1 in Poison Magic
  1406 | D:3      | Reached XP level 5. HP: 37/43 MP: 0/12
  1453 | D:3      | Found a glowing drain.
  1501 | Sewer    | Entered a sewer
  2129 | Sewer    | Reached XP level 6. HP: 50/50 MP: 10/13
  2993 | D:3      | Noticed Ijyb
  3001 | D:3      | HP: 2/50 [acid (15)]
  3005 | D:3      | Splashed by Ijyb's acid

Skill      XL: |  1  2  3  4  5  6 |
---------------+-------------------+-----
Spellcasting   | 5 |  5.3
Invocations    | 1 2 |  2.0
Short Blades   | 1 |  1.8
Long Blades    | 1 |  1.8
Axes           | 1 |  1.8
Maces & Flails | 1 |  1.8
Staves         | 1 |  1.8
Slings         | 1 |  1.8
Bows           | 1 |  1.8
Crossbows      | 1 |  1.8
Throwing       | 1 |  1.8
Stealth        | 1 |  1.8
Shields        | 1 |  1.8
Unarmed Combat | 1 |  1.8
Evocations     | 1 |  1.8
Conjurations   | 1 |  1.4
Hexes          | 1 |  1.4
Summonings     | 1 |  1.4
Necromancy     | 1 |  1.4
Translocations | 1 |  1.4
Transmutations | 1 |  1.4
Fire Magic     | 1 |  1.4
Ice Magic      | 1 |  1.4
Air Magic      | 1 |  1.4
Earth Magic    | 1 |  1.4
Poison Magic   | 1 |  1.4
Armour         | 3 |  3.1
Fighting       | |  4.9
Polearms       | |  4.9
Dodging        | |  4.9
Charms         | |  5.6

Action                   |  1- 3 |  4- 6 || total
-------------------------+-------+-------++-------
Melee: Spear             |   129 |   289 ||   418
       Bite              |     5 |    36 ||    41
       Punch             |       |     3 ||     3
 Cast: Infusion          |     3 |     8 ||    11
       Song of Slaying   |       |     2 ||     2
       Spectral Weapon   |       |     2 ||     2
       Regeneration      |       |     1 ||     1
  Use: Potion            |       |     1 ||     1
  Eat: Chunk             |     1 |     5 ||     6
       Ration            |       |     1 ||     1
Armor: Leather armour    |    14 |       ||    14
       Ring mail         |    20 |    75 ||    95
Dodge: Dodged            |    65 |   154 ||   219
